 Dungeon Crawl Stone Soup version 0.22.1-2-g9c5b331 (webtiles) character file.

71 MalarOregon the Poker (level 4, -2/34 HPs)
             Began as a Merfolk Skald on Nov 13, 2018.
             Slain by a centaur (7 damage)
             ... on level 2 of the Dungeon.
             The game lasted 00:04:08 (1608 turns).

MalarOregon the Poker (Merfolk Skald)               Turns: 1608, Time: 00:04:09

Health: -2/34      AC:  3    Str: 16    XL:     4   Next: 24%
Magic:  0/7        EV: 13    Int: 13    God:
Gold:   97         SH:  0    Dex: 13    Spells: 4/7 levels left

rFire    . . .     SeeInvis .   a - +0 spear
rCold    . . .     Gourm    .   (no shield)
rNeg     . . .     Faith    .   b - +0 leather armour
rPois    .         Spirit   .   (no helmet)
rElec    .         Reflect  .   (no cloak)
rCorr    .         Harm     .   (no gloves)
MR       .....                  (no boots)
Stlth    +.........             (no amulet)
HPRegen  0.11/turn              (no ring)
MPRegen  0.10/turn              (no ring)

@: mighty, lethally poisoned (-2 -> -4), very slightly contaminated
A: change form in water, swift swim, stealthy swim
a: no special abilities


You were on level 2 of the Dungeon.
You were not hungry.

You visited 1 branch of the dungeon, and saw 2 of its levels.

You collected 97 gold pieces.

Inventory:

Hand Weapons
 a - a +0 spear (weapon)
Armour
 b - a +0 leather armour (worn)
Scrolls
 d - a scroll of blinking {unknown}
 f - 2 scrolls of teleportation {unknown}
 g - a scroll of fog {unknown}
 h - a scroll of random uselessness {unknown}
 j - 3 scrolls of amnesia
 n - a scroll of remove curse {@r2}
Potions
 c - a potion of agility {unknown}
 i - a potion of might
 k - a potion of ambrosia {unknown}
 m - a potion of mutation {unknown}
Comestibles
 e - 4 rations {!d}
 l - a chunk of flesh


   Skills:
 + Level 2.7 Fighting
 * Level 4.4 Polearms
 - Level 1.0 Armour
 + Level 3.4 Dodging
 + Level 2.3 Spellcasting
 + Level 0.3 Hexes
 + Level 3.5 Charms


You had 4 spell levels left.
You knew the following spells:

 Your Spells              Type           Power        Failure   Level  Hunger
t - Spectral Weapon       Hex/Chrm       #.......     38%         3    ###....

Your spell library contained the following spells:

 Spells                   Type           Power        Failure   Level  Hunger
 Infusion                 Chrm           ##..         7%          1    #......
 Song of Slaying          Chrm           ##......     11%         2    ###....
 Shroud of Golubria       Chrm/Tloc      #.........   22%         2    ###....
 Regeneration             Chrm/Necr      #.........   41%         3    ###....


Dungeon Overview and Level Annotations

Branches:
Dungeon (2/15)

Altars:
Gozag


Message History

You kill the hobgoblin!
The centaur shoots an arrow.
The arrow hits you.
* * * LOW HITPOINT WARNING * * *
The centaur shoots an arrow.
The arrow closely misses you.
You see here an arrow.
The adder misses your spectral weapon.
You see here 18 stones.
You swap places.
The adder misses you.
You see here 18 stones.
You closely miss the adder.
Your spectral weapon hits the adder but does no damage.
The adder barely misses you. The adder misses you.
You hit the adder.
Your spectral weapon hits the adder but does no damage.
The adder misses you.
You closely miss the adder.
Your spectral weapon hits the adder from afar.
The adder bites you but does no damage.
You closely miss the adder.
Your spectral weapon misses the adder.
The adder bites you.
* * * LOW HITPOINT WARNING * * *
You are poisoned.
The adder poisons you!
You closely miss the adder.
You feel sick.
Your spectral weapon hits the adder from afar.
You kill the adder!
The centaur unwields an uncursed shortbow.
The centaur hits you but does no damage.
You hit the centaur but do no damage.
Your spectral weapon barely misses the centaur.
The centaur hits you.
* * * LOW HITPOINT WARNING * * *
You hit the centaur but do no damage.
Your spectral weapon fades away.
The centaur closely misses you.
Some of the chunks of flesh in your inventory have rotted away.
You hit the centaur.
You feel sick. The centaur hits you.
* * * LOW HITPOINT WARNING * * *
The centaur hits you.
* * * LOW HITPOINT WARNING * * *
You miscast Spectral Weapon.
You are very lightly contaminated with residual magic.
Your skin tingles.
The centaur misses you.
You draw out your weapon's spirit!
The centaur hits you.
* * * LOW HITPOINT WARNING * * *
The centaur hits you but does no damage.
It was a potion of might.
You feel very mighty all of a sudden. The centaur hits you!
You die...

##.......#. ##...........
##....#....... #....##.......
#............. #............
#########.........#
#.[..(@c.........# .......
#....######......#
........##....# ##.....#
........##....######.....(##
.......>##................(#
...................#.........)...
...............#####.............
.........#......###....##........
.................##.....#........


You could see a centaur and a friendly spectral spear.

Vanquished Creatures
  An adder (D:2)
  An ooze (D:2)
  2 worms (D:2)
  A dart slug (D:1)
  8 bats
  2 giant cockroaches (D:1)
  5 goblins
  7 hobgoblins
  4 jackals
  A quokka (D:2)
  A frilled lizard (D:2)
  9 kobolds
  6 rats
48 creatures vanquished.

Notes
Turn   | Place    | Note
-------+----------+-------------------------------------------
     0 | D:1      | MalarOregon the Merfolk Skald began the quest for the Orb.
     0 | D:1      | Reached XP level 1. HP: 16/16 MP: 3/3
   167 | D:1      | Reached XP level 2. HP: 18/22 MP: 5/5
   582 | D:1      | Reached skill level 1 in Armour
   600 | D:1      | Reached XP level 3. HP: 25/28 MP: 6/6
  1001 | D:2      | Reached skill level 4 in Polearms
  1036 | D:2      | Found an opulent altar of Gozag.
  1282 | D:2      | Learned a level 3 spell: Spectral Weapon
  1464 | D:2      | Reached XP level 4. HP: 25/34 MP: 0/7
  1582 | D:2      | Noticed a centaur
  1608 | D:2      | Slain by a centaur

Skill      XL: |  1  2  3 |
---------------+----------+-----
Dodging        | 3 |  3.4
Armour         | 1 |  1.0
Polearms       | 4 |  4.4
Fighting       | |  2.7
Spellcasting   | |  2.3
Hexes          | |  0.3
Charms         | |  3.5

Action                   |  1- 3 |  4- 6 || total
-------------------------+-------+-------++-------
Melee: Spear             |   176 |    20 ||   196
 Cast: Spectral Weapon   |     1 |     2 ||     3
  Use: Scroll            |     2 |       ||     2
       Potion            |       |     1 ||     1
  Eat: Chunk             |     2 |     1 ||     3
Armor: Leather armour    |    27 |     5 ||    32
Dodge: Dodged            |   110 |    17 ||   127
